 Dungeon Crawl Stone Soup version 0.28-a0-247-gb8bfbab023 (webtiles) character file.

Game seed: 8383892300802620683

1876 robertstho the Magician (level 9, -9/62 HPs)
             Began as a Djinni Fire Elementalist on Aug 25, 2021.
             Mangled by a boulder beetle (45 damage)
             ... on level 6 of the Dungeon.
             The game lasted 00:12:08 (8843 turns).

robertstho the Magician (Djinni Fire Elementalist)  Turns: 8843, Time: 00:12:08

Health: -9/62      AC:  5    Str:  7    XL:     9   Next: 36%
Gold:   276        EV: 13    Int: 20    God:
                   SH:  0    Dex: 14

rFire   + + .      SeeInvis .   k - +2 falchion (holy)
rCold   x . .      Faith    .   (no shield)
rNeg    . . .      Spirit   .   a - +0 robe
rPois   ∞          Reflect  .   b - +0 helmet
rElec   .          Harm     .   r - +0 cloak
rCorr   .          Rampage  .   e - +0 pair of gloves
Will    .....                   (boots unavailable)
Stlth   ++........              (no amulet)
HPRegen 0.20/turn               (no ring)
MPRegen 0.00/turn               (no ring)

@: about to teleport, flying
A: sickness immunity, fire resistance 2, cold vulnerability 1, float, innate
caster, hp casting, extra vitality 1
a: no special abilities


You were on level 6 of the Dungeon.
You visited 1 branch of the dungeon, and saw 6 of its levels.
You also visited: Sewer and Ossuary.

You collected 295 gold pieces.
You spent 19 gold pieces at shops.

Inventory:

Hand Weapons
 d - a +0 dagger
 k - a +2 falchion of holy wrath (weapon)
Armour
 a - a +0 robe (worn)
 b - a +0 helmet (worn)
 e - a +0 pair of gloves (worn)
 r - a +0 cloak (worn)
Wands
 c - a wand of flame (27)
 h - a wand of acid (15)
 y - a wand of mindburst (7)
Scrolls
 f - 3 scrolls of teleportation
 n - 2 scrolls of silence
 o - a scroll of fear
 p - a scroll of brand weapon
 s - 2 scrolls of blinking {unknown}
 u - a scroll of summoning
 v - a scroll of amnesia {unknown}
 x - a scroll of magic mapping
 B - a scroll of vulnerability {unknown}
 C - a scroll of enchant armour {unknown}
 D - a scroll of enchant weapon {unknown}
Potions
 g - a potion of mutation {unknown}
 i - 5 potions of heal wounds {unknown}
 j - 4 potions of curing {unknown}
 l - 2 potions of flight {unknown}
 m - 3 potions of degeneration {unknown}
 q - a potion of might {unknown}
 t - a potion of berserk rage {unknown}
 w - 2 potions of brilliance {unknown}
 z - a potion of attraction {unknown}
 A - a potion of haste {unknown}
 E - a potion of invisibility {unknown}


   Skills:
 * Level 3.8 Fighting
 + Level 1.3(1.6) Short Blades
 + Level 1.2(1.6) Long Blades
 + Level 3.4 Dodging
 + Level 3.2 Stealth
 * Level 7.9 Spellcasting


You couldn't memorise any spells.
You knew the following spells:

 Your Spells              Type           Power      Damage    Failure   Level
a - Foxfire               Conj/Fire      100%       2x1d9     1%          1
b - Conjure Flame         Conj/Fire      39%        6-21      1%          3
c - Inner Flame           Hex/Fire       39%        N/A       1%          3
d - Sticky Flame          Conj/Fire      39%        2d6       3%          4
e - Fireball              Conj/Fire      19%        3d9       10%         5
f - Magic Dart            Conj           100%       1d8       1%          1
g - Wereblood             Tmut           39%        N/A       1%          2
h - Blink                 Tloc           N/A        N/A       1%          2
i - Ignite Poison         Fire/Tmut/Pois 39%        N/A       1%          3
Your spell library was empty.

Dungeon Overview and Level Annotations

Branches:
Dungeon (6/15)              Sewer (visited)         Ossuary (visited)
 Temple: D:4-7

Altars:
Makhleb
Sif Muna

Shops:
D:2 *   D:5 =   D:6 [


Innate Abilities, Weirdness & Mutations

You are immune to sickness and miasma.
You are immune to poison.
Your flesh is very heat resistant. (rF++)
You are vulnerable to cold. (rC-)
You float through the air rather than walking.
You learn spells naturally, not from books.
Your magical power is your life essence.
You have superior vitality. (+4 HP)


Message History

A boulder beetle is nearby!
A boulder beetle is nearby!
A boulder beetle is nearby!
A boulder beetle is nearby!
Casting: Sticky Flame (dangerous; 3% risk of failure)
Confirm with . or Enter, or press ? or * to list all spells.
The spell is quite dangerous to cast (10% risk of failure)!
Continue anyway? [Y]es or [N]o only, please.
The spell is quite dangerous to cast (10% risk of failure)!
Continue anyway?
Okay, then.
Casting: Fireball (quite dangerous; 10% risk of failure)
Confirm with . or Enter, or press ? or * to list all spells.
The spell is quite dangerous to cast (10% risk of failure)!
Continue anyway?
Aiming: Fireball (quite dangerous; 10% risk of failure)
Press: ? - help, Shift-Dir - straight line, f - boulder beetle
Aim: a boulder beetle (wandering, hasn't noticed you)
The fireball explodes!
The fireball engulfs the boulder beetle.
The boulder beetle is lightly wounded.
Unknown command.
Casting: Fireball (quite dangerous; 10% risk of failure)
Confirm with . or Enter, or press ? or * to list all spells.
Aiming: Sticky Flame (dangerous; 3% risk of failure)
Press: ? - help, Shift-Dir - straight line, f/p - boulder beetle
Aim: a boulder beetle (lightly wounded, 100% to hit)
The sticky flame hits the boulder beetle but does no damage.
The boulder beetle is lightly wounded.
The boulder beetle is covered in liquid flames!
The boulder beetle burns!
The boulder beetle bites you!!
The boulder beetle burns!
As you read the scroll of teleportation, it crumbles to dust.
You feel strangely unstable.
The boulder beetle burns!
The boulder beetle misses you.
You riposte.
You hit the boulder beetle but do no damage.
The boulder beetle is lightly wounded.
The boulder beetle burns!
The boulder beetle stops burning.
The boulder beetle curls into a ball and begins rolling!
The boulder beetle hits you!!!
Ouch! That really hurt!
You die...

***,,,.####..,,,,*,,,,#.......#
,,*,,,.......****######.....(.###
,,*,,,.......*,,,#....'..........
,,*,,,.......+,,,#....#..........
*+*,,,.......#+#####'##..........
,,**+*****#......#...#########...
,,,,,,*,,,#..○.$>#...#,,,,* #...
,,,,,,*,,,#...○..#...#,,,,* #...
,,,,,,*,,,#....B@#...#,,,,* #...
,,,,,,*,,,+......'...#,,,,* #...
,,,..,*,,,#......#...+,,,,* ##...
,,,..######......##+####+####...≈
***#...........................÷≈
#....................v.......≈
#.......########.†...§........
#.......#⌠..§..#.....§........
#.......#,,≈§≈..(....§........


You could see a boulder beetle (rolling).

Vanquished Creatures
  A water moccasin (D:5)
  Purgy (Sewer)
  2 centaurs (D:5)
  A sky beast (D:6)
  6 scorpions
  9 water moccasin zombies
  A jelly (D:5)
  4 orc priests
  4 hounds
  3 iguanas
  An orc wizard (D:5)
  2 mummies (Ossuary)
  4 adders
  A white imp (D:6)
  An ufetubus (D:4)
  4 adder zombies (Ossuary)
  2 worms
  2 dart slugs
  12 orcs
  7 ball pythons
  6 bats
  14 endoplasms
  6 giant cockroaches
  3 gnoll zombies (Ossuary)
  7 goblins
  5 hobgoblins
  10 kobolds
  2 frilled lizards
  4 hobgoblin zombies (Ossuary)
  2 kobold zombies (Ossuary)
  8 orc zombies (Ossuary)
  8 rats
143 creatures vanquished.

Vanquished Creatures (others)
  453 foxfires
453 creatures vanquished.

Grand Total: 596 creatures vanquished

Notes
Turn   | Place    | Note
-------+----------+-------------------------------------------
     0 | D:1      | robertstho the Djinni Fire Elementalist began the quest for
                  | the Orb.
     0 | D:1      | Reached XP level 1. HP: 15/15 MP: 0/0
   310 | D:1      | Reached XP level 2. HP: 14/21 MP: 0/0
  1109 | D:1      | Reached XP level 3. HP: 23/26 MP: 0/0
  1109 | D:1      | Learned a level 1 spell: Magic Dart
  1210 | D:1      | You are sucked into a shaft and drop 1 floor!
  1540 | D:2      | Reached skill level 3 in Spellcasting
  2066 | D:2      | Found Zedwocs's Assorted Antiques.
  2071 | D:2      | Bought an emerald potion for 19 gold pieces
  2523 | D:1      | Reached skill level 1 in Fighting
  2681 | D:1      | Reached XP level 4. HP: 28/32 MP: 0/0
  3087 | D:3      | Noticed a scorpion
  3094 | D:3      | Killed a scorpion
  3095 | D:3      | Reached XP level 5. HP: 30/37 MP: 0/0
  3095 | D:3      | Learned a level 2 spell: Wereblood
  3987 | D:4      | Reached skill level 4 in Spellcasting
  4108 | D:4      | Reached XP level 6. HP: 20/43 MP: 0/0
  5503 | D:5      | Entered Level 5 of the Dungeon
  5514 | D:5      | Reached XP level 7. HP: 44/49 MP: 0/0
  5514 | D:5      | Learned a level 2 spell: Blink
  5552 | D:5      | Reached skill level 5 in Spellcasting
  5656 | D:5      | Noticed a water moccasin
  5664 | D:5      | Killed a water moccasin
  5665 | D:5      | Reached skill level 1 in Short Blades
  5735 | D:5      | Reached XP level 8. HP: 19/55 MP: 0/0
  5742 | D:5      | Found a sand-covered staircase.
  5746 | Ossuary  | Entered an ossuary
  5985 | Ossuary  | Reached skill level 6 in Spellcasting
  7116 | D:5      | Reached skill level 7 in Spellcasting
  7409 | D:5      | Found a burning altar of Makhleb.
  7445 | D:5      | Reached XP level 9. HP: 51/61 MP: 0/0
  7445 | D:5      | Learned a level 3 spell: Ignite Poison
  7869 | D:5      | Found Nehapseu's Jewellery Shop.
  8295 | D:6      | Reached skill level 1 in Long Blades
  8311 | D:6      | Noticed a boulder beetle
  8444 | D:6      | Found Cucul's Antique Armour Boutique.
  8453 | D:6      | Found a glowing drain.
  8468 | Sewer    | Entered a sewer
  8525 | Sewer    | Noticed Purgy
  8530 | Sewer    | Killed Purgy
  8843 | D:6      | Mangled by a boulder beetle

Illustrated notes

Levels and vault maps discovered:
D:1:      lightli_arrival_isolated_outpost, layout_basic, st_stairs_3,
          minmay_misc_feat_cross, minmay_misc_feat_doors
D:2:      layout_basic, serial_shops, shop
D:3:      layout_rooms, serial_aquarium, aquarium_bridge_square
          [aquarium_subvault_bridge, aquarium_subvault_bridge,
          aquarium_subvault_balcony, aquarium_subvault_window],
          aquarium_window_fake, aquarium_window_double,
          aquarium_window_corridor_1, aquarium_window_fake, aquarium_view_2f,
          aquarium_pool_four
D:4:      layout_basic
D:5:      layout_loops_ring, lemuel_round_altar, led_sif_pool, serial_shops,
          nicolae_lakefront_shop, nicolae_ossuary_entry_false_entrances,
          kennysheep_cross_room
D:6:      layout_gridville, serial_shops, nicolae_lakefront_shop,
          portal_sewer_entry_a

Skill      XL: |  1  2  3  4  5  6  7  8  9 |
---------------+----------------------------+-----
Spellcasting   | 3 4 5 7 |  7.9
Stealth        | 2 3 |  3.2
Fighting       | 1 2 3 |  3.8
Short Blades   | 1 |  1.3
Dodging        | 3 |  3.4
Long Blades    | 1 |  1.2

Action                   |  1- 3 |  4- 6 |  7- 9 || total
-------------------------+-------+-------+-------++-------
Melee: Dagger            |    26 |       |    11 ||    37
       Falchion          |       |       |    41 ||    41
 Cast: Foxfire           |    76 |   122 |    82 ||   280
       Sticky Flame      |       |       |    30 ||    30
       Fireball          |       |       |    13 ||    13
  Use: Scroll            |       |     7 |     4 ||    11
 Stab: Sleeping          |     3 |       |     4 ||     7
Armor: Robe              |     7 |     8 |    30 ||    45
Dodge: Dodged            |    18 |     9 |    66 ||    93
       Rpst.: Falchion   |       |       |    13 ||    13

Table legend: (Time is in decaauts)
 A = Elapsed time spent in this place.
 B = Non-inter-level travel time spent in this place.
 C = Inter-level travel time spent in this place.
 D = Time resting spent in this place.
 E = Time spent auto-exploring this place.
 F = Levels seen in this place.
 G = Mean time per level.
                   A        B        C        D        E       F      G
               +--------+--------+--------+--------+--------+-----+--------+
         Total |   8853 |   8538 |    315 |   1202 |   6354 |   8 | 1106.6 |
       Dungeon |   7306 |   6991 |    315 |    329 |   5860 |   6 | 1217.7 |
         Sewer |    228 |    228 |      0 |      0 |    181 |   1 |  228.0 |
       Ossuary |   1318 |   1318 |      0 |    873 |    313 |   1 | 1318.0 |
               +--------+--------+--------+--------+--------+-----+--------+

Top non-repeatable levels by time:
     D:1: 1733 daAuts
     D:4: 1684 daAuts
     D:5: 1472 daAuts
 Ossuary: 1318 daAuts
     D:2: 1152 daAuts
     D:3: 932 daAuts
     D:6: 331 daAuts
   Sewer: 228 daAuts
